 Dungeon Crawl Stone Soup version 0.30-a0-867-g305f33218d (webtiles) character file.

Game seed: 11424222099666638805

335 pokeman the Magician (level 6, 0/34 HPs)
             Began as a Deep Elf Hedge Wizard on Mar 11, 2023.
             Killed from afar by an orc wizard (6 damage)
             ... with a magic dart
             ... on level 4 of the Dungeon.
             The game lasted 00:07:04 (4414 turns).

pokeman the Magician (Deep Elf Hedge Wizard)        Turns: 4414, Time: 00:07:04

Health: 0/34       AC:  2    Str:  7    XL:     6   Next: 28%
Magic:  7/17       EV: 18    Int: 21    God:
Gold:   230        SH:  0    Dex: 20    Spells: 10/18 levels left

rFire   . . .      SeeInvis .    a - +0 dagger
rCold   . . .      Faith    .    (no shield)
rNeg    . . .      Spirit   .    b - +0 robe
rPois   .          Reflect  .    c - +0 hat
rElec   .          Rampage  .    (no cloak)
rCorr   .                        (no gloves)
Will    .....                    (no boots)
Stlth   +                        (no amulet)
HPRegen 0.25/turn                o - +6 ring of dexterity
MPRegen 0.15/turn                u - +5 ring of evasion

@: confused, very slightly contaminated
A: no striking features
a: no special abilities


You were on level 4 of the Dungeon.
You visited 2 branches of the dungeon, and saw 5 of its levels.

You collected 230 gold pieces.

Inventory:

Hand Weapons
 a - a +0 dagger (weapon)
Armour
 b - a +0 robe (worn)
 c - a +0 hat (worn)
Magical Staves
 p - a staff of air
Jewellery
 k - an amulet of guardian spirit
 o - a +6 ring of dexterity (left hand)
 u - a +5 ring of evasion (right hand)
Wands
 t - a wand of light (9)
Scrolls
 l - 5 scrolls of poison {unknown}
 m - a scroll of enchant armour {unknown}
 n - a scroll of vulnerability {unknown}
 q - a scroll of blinking {unknown}
 r - a scroll of torment {unknown}
 s - 2 scrolls of identify {unknown}
Potions
 d - a potion of magic
 e - a potion of heal wounds {unknown}
 f - 4 potions of curing {unknown}
 g - a potion of attraction {unknown}
 h - 3 potions of brilliance {unknown}
 i - a potion of lignification {unknown}
 j - 2 potions of degeneration {unknown}


   Skills:
 - Level 1.0 Fighting
 - Level 1.1 Armour
 - Level 3.0 Dodging
 - Level 3.0 Stealth
 * Level 6.9 Spellcasting
 + Level 3.3 Conjurations
 - Level 1.1 Summonings
 - Level 1.1 Translocations
 + Level 1.1 Air Magic
 + Level 0.6 Poison Magic
 - Level 1.2 Evocations


You had 10 spell levels left.
You knew the following spells:

 Your Spells              Type           Power      Damage    Failure   Level
a - Magic Dart            Conj           84%        1d7       2%          1
b - Mephitic Cloud        Conj/Pois/Air  14%        N/A       13%         3
c - Call Imp              Summ           11%        N/A       9%          2
d - Blink                 Tloc           22%        N/A       9%          2

Your spell library contained the following spells:

 Spells                   Type           Power      Damage    Failure   Level
 Kiss of Death            Conj/Necr      56%        2d9       4%          1
 Slow                     Hex            28%        N/A       9%          1
 Cigotuvi's Dreadful Rot  Necr/Pois/Air  18%        N/A       11%         2
 Animate Armour           Summ/Erth      18%        N/A       56%         4
 Lightning Bolt           Conj/Air       8%         1d20      69%         5


Dungeon Overview and Level Annotations

Branches:
Dungeon (4/15)             Temple (1/1) D:4

Altars:
Dithmenos
Elyvilon
Fedhas
Gozag
Kikubaaqudgha
Makhleb
Nemelex Xobeh
Qazlal
Ru
Trog
Wu Jian
Yredelemnul
Ignis


Message History

The spell is quite dangerous to miscast (13% risk of failure)!
Continue anyway?
Aiming: Mephitic Cloud (quite dangerous; 13% risk of failure)
Press: ? - help, Shift-Dir - straight line, f - orc wizard
Aim: an orc wizard, wielding a +0 dagger and wearing a +0 robe (chance to affect: 86%) That beam is likely to hit you.
Continue anyway?
The ball explodes into a vile cloud!
The stinking cloud engulfs the orc wizard but does no damage. x2
The stinking cloud engulfs you but does no damage.
The stinking cloud engulfs the orc wizard but does no damage. x3
The orc wizard is lightly wounded.
You are engulfed in noxious fumes.
You choke on the stench!
You are confused.
You hear a croak.
The orc wizard is engulfed in noxious fumes.
The orc wizard appears confused.
The orc wizard closely misses you.
The orc wizard barely misses itself.
The orc wizard hits you with a +0 dagger.
The orc wizard misses you. x2; Something hits the orc wizard.
Unknown command.
Unknown command.
You bump into the rock wall.
You are engulfed in noxious fumes.
You choke on the stench!
You are more confused.
The orc wizard barely misses you. The orc wizard closely misses you.
Something hits the orc wizard.
The orc wizard points at you and mumbles some strange words.
You resist with some effort.
Unknown command.
The orc wizard attacks as you move away!
The orc wizard closely misses you.
The orc wizard points at you and mumbles some strange words.
The magic dart hits you!
* * * LOW HITPOINT WARNING * * *
The orc wizard is engulfed in noxious fumes.
The orc wizard appears confused.
The orc wizard hits the orc wizard with a +0 dagger.
The orc wizard hits itself with a +0 dagger.
The orc wizard casts a spell at you. The magic dart hits you.
You die...

#.....#....#.............
#.....######.......(.....
#########..#.............
?.'...#.............
....................
...###..............
...#.#...{......... .#
#.###○oo........
#..ooo#oo°@.......
###o#'#☼o##.......
...#.#.....#.......
...###.....#.......
......#...+....(<.
#....#...#.......
#....#+###....... #...
....... +..


You could see 5 orc wizards.

Vanquished Creatures
  An ogre (D:4)
  3 hounds
  An orc wizard (D:4)
  An adder (D:2)
  An ufetubus (D:3)
  A worm (D:3)
  2 dart slugs
  4 orcs
  7 bats
  11 endoplasms
  2 giant cockroaches (D:1)
  9 goblins
  10 hobgoblins
  5 jackals
  A quokka (D:4)
  10 ball pythons
  3 frilled lizards
  3 kobolds
  8 rats
83 creatures vanquished.

Vanquished Creatures (collateral kills)
  An adder (D:3)
  3 worms
  An orc (D:3)
  2 jackals (D:3)
  A ball python (D:3)
8 creatures vanquished.

Grand Total: 91 creatures vanquished

Notes
Turn   | Place    | Note
-------+----------+-------------------------------------------
     0 | D:1      | pokeman the Deep Elf Hedge Wizard began the quest for the
                  | Orb.
     0 | D:1      | Reached XP level 1. HP: 10/10 MP: 7/7
   399 | D:1      | Reached XP level 2. HP: 16/16 MP: 7/9
   925 | D:1      | Reached skill level 5 in Spellcasting
  1240 | D:1      | Reached XP level 3. HP: 20/20 MP: 6/11
  1714 | D:2      | Learned a level 3 spell: Mephitic Cloud
  1717 | D:2      | Learned a level 2 spell: Call Imp
  1720 | D:2      | Learned a level 2 spell: Blink
  1750 | D:2      | Reached skill level 1 in Armour
  2113 | D:2      | Reached skill level 1 in Fighting
  2261 | D:2      | Reached XP level 4. HP: 25/25 MP: 10/13
  2369 | D:3      | Found a faded altar of an unknown god.
  3219 | D:3      | Noticed an ice beast
  3236 | D:3      | Reached XP level 5. HP: 29/29 MP: 9/15
  3485 | D:3      | Reached skill level 6 in Spellcasting
  3916 | D:4      | Found a staircase to the Ecumenical Temple.
  3925 | Temple   | Entered the Ecumenical Temple
  4063 | D:4      | Noticed an ogre
  4078 | D:4      | Killed an ogre
  4079 | D:4      | Reached skill level 1 in Evocations
  4079 | D:4      | Reached XP level 6. HP: 34/34 MP: 6/17
  4140 | D:4      | Reached skill level 1 in Air Magic
  4259 | D:4      | Got Ceck's Elucidation of the Throng and Wounds
  4414 | D:4      | Killed from afar by an orc wizard

Illustrated notes

Levels and vault maps discovered:
D:1:      giann_bridges, layout_loops_corners
D:2:      layout_rooms
D:3:      layout_loops_ring, basic_ecumenical_altar, minmay_divided_ellipse
D:4:      layout_gridville, minmay_temple_entry_tees,
          minmay_a_box_with_orc_wizards_in_it
Temple:   pdpol_scorched_temple

Skill      XL: |  1  2  3  4  5  6 |
---------------+-------------------+-----
Spellcasting   | 5 6 |  6.9
Conjurations   | 2 3 |  3.3
Armour         | 1 |  1.1
Fighting       | 1 |  1.0
Stealth        | 3 |  3.0
Dodging        | 3 |  3.0
Evocations     | 1 |  1.2
Air Magic      | 1 |  1.1
Summonings     | |  1.1
Translocations | |  1.1
Poison Magic   | |  0.6

Action                     |  1- 3 |  4- 6 || total
---------------------------+-------+-------++-------
  Melee: Dagger            |    16 |    13 ||    29
   Cast: Magic Dart        |   132 |   124 ||   256
         Call Imp          |     2 |     6 ||     8
         Mephitic Cloud    |       |     4 ||     4
         Blink             |       |     1 ||     1
   Stab: Confused          |       |     1 ||     1
 Armour: Robe              |     7 |     5 ||    12
  Dodge: Dodged            |    20 |    43 ||    63

Table legend: (Time is in decaauts)
 A = Elapsed time spent in this place.
 B = Non-inter-level travel time spent in this place.
 C = Inter-level travel time spent in this place.
 D = Time resting spent in this place.
 E = Time spent auto-exploring this place.
 F = Levels seen in this place.
 G = Mean time per level.
                   A        B        C        D        E       F      G
               +--------+--------+--------+--------+--------+-----+--------+
         Total |   4418 |   4230 |    188 |    230 |   3389 |   5 |  883.6 |
       Dungeon |   4363 |   4189 |    174 |    230 |   3355 |   4 | 1090.8 |
        Temple |     54 |     40 |     14 |      0 |     34 |   1 |   54.0 |
               +--------+--------+--------+--------+--------+-----+--------+

Top non-repeatable levels by time:
     D:3: 1553 daAuts
     D:1: 1493 daAuts
     D:2: 978 daAuts
     D:4: 338 daAuts
  Temple: 54 daAuts
